 Dungeon Crawl Stone Soup version 0.15.1-3-g1b33baa (webtiles) character file.

3252 CrazyArbalest the Slicer (level 10, -2/66 HPs)
             Began as a Halfling Fighter on Oct 10, 2014.
             Was an Initiate of Makhleb.
             Killed from afar by a deep elf mage (21 damage)
             ... with a fireball
             ... in a bailey on Oct 11, 2014.
             The game lasted 00:53:49 (10904 turns).

CrazyArbalest the Slicer (Halfling Fighter)        Turns: 10904, Time: 00:53:49

HP  -2/66        AC 12     Str 16      XL: 10   Next: 19%
MP   0/15        EV 10     Int  7      God: Makhleb [......]
Gold 333         SH  7     Dex 18      Spells:  0 memorised,  9 levels left

rFire  . . .     SeeInvis .     a - +0 cutlass
rCold  . . .     Clarity  .     L - +0 scale mail
rNeg   . . .     rCorr    .     c - +0 buckler
rPois  .         rRot     .     (no helmet)
rElec  .         Spirit   +     G - +0 cloak
SustAb .         Warding  .     (no gloves)
rMut   .         Stasis   .     A - +2 pair of boots
Gourm  .                        v - amulet of guardian spirit
MR     .....                    (no ring)
                                S - ring of stealth

@: not resistant to hostile enchantments, unstealthy
A: mutation resistance 1
a: Renounce Religion


You were in a bailey.
You worshipped Makhleb.
Makhleb was noncommittal.
You were very hungry.

You visited 2 branches of the dungeon, and saw 9 of its levels.
You also visited: Bailey.

You collected 333 gold pieces.

Inventory:

Hand weapons
 a - a +0 cutlass (weapon)
 H - a -2 short sword
Missiles
 g - 275 stones (quivered)
 F - 107 sling bullets
Armour
 b - a +0 scale mail
 c - a +0 buckler (worn)
 A - a +2 pair of boots (worn)
 G - a +0 cloak (worn)
 L - a +0 scale mail (worn)
 Q - a +1 robe of magic resistance
Magical devices
 x - a wand of confusion (0)
 B - a wand of flame (0)
 E - a wand of confusion (0)
 M - a wand of confusion (0)
 R - a wand of frost (8)
Comestibles
 d - 8 bread rations
 f - 2 meat rations
Scrolls
 k - 2 scrolls of identify
 l - 2 scrolls of teleportation
 m - a scroll of fear {unknown}
 o - 2 scrolls of enchant weapon
 p - 2 scrolls of fog
 q - 3 scrolls of blinking
 r - 2 scrolls of amnesia
 s - a scroll of random uselessness {unknown}
 w - a scroll of remove curse
 y - 2 scrolls of noise {unknown}
 C - 2 scrolls of magic mapping {unknown}
 I - 2 scrolls of enchant armour {unknown}
 N - 2 scrolls of recharging {unknown}
Jewellery
 v - an amulet of guardian spirit (around neck)
 S - a ring of stealth (left hand)
Potions
 e - 2 potions of might
 h - a potion of cure mutation {unknown}
 i - a potion of curing
 n - 2 potions of restore abilities {unknown}
 t - 3 potions of agility {unknown}
 u - 3 potions of resistance {unknown}
 z - 3 potions of poison {unknown}
 D - a potion of confusion {unknown}
 J - a potion of brilliance {unknown}
 K - a potion of berserk rage {unknown}
 P - a potion of magic {unknown}
Books
 O - a book of Death

   Spells                             Type                      Level
   Corpse Rot                         Necromancy                   2
   Sublimation of Blood               Necromancy                   2
   Agony                              Necromancy                   5
   Dispel Undead                      Necromancy                   5
   Excruciating Wounds                Charms/Necromancy            5
   Bolt of Draining                   Conjuration/Necromancy       5


   Skills:
 + Level 5.5 Fighting
 + Level 8.1 Short Blades
 + Level 7.1 Armour
 + Level 6.4 Dodging
 + Level 3.1 Stealth
 + Level 7.2 Shields
 + Level 3.2 Evocations


You had 9 spell levels left.
You didn't know any spells.

Dungeon Overview and Level Annotations

Branches:
Dungeon (8/15)             Temple (1/1) D:7
   Lair: D:8-11

Altars:
Ashenzari
Cheibriados
Dithmenos
Fedhas
Kikubaaqudgha
Makhleb
Nemelex Xobeh
Okawaru
Qazlal
Sif Muna
Trog
Vehumet
Xom
Yredelemnul
Zin
The Shining One

Annotations:
D:3 Psiweapon's ghost, average KoAK
D:6 Natasha
D:7 exclusion: oklob plant


Innate Abilities, Weirdness & Mutations

You are small and have problems with some larger weapons.
You are somewhat resistant to further mutation.


Message History

Aim: a deep elf mage, wielding a dagger and wearing a chain mail (heavily wounded)
The puff of frost hits the deep elf mage.
The deep elf mage is severely wounded.
The deep elf mage completely misses you.
Evoke which item? (* to show all) (? for menu, Esc to quit)
Zapping:
R - a wand of frost {zapped: 6}
Press: ? - help, Shift-Dir - straight line, f/p - deep elf mage
Aim: a deep elf mage, wielding a dagger and wearing a chain mail (severely wounded)
The puff of frost hits the deep elf mage.
The deep elf mage is severely wounded.
The deep elf mage hits you with a dagger.
Evoke which item? (* to show all) (? for menu, Esc to quit)
Zapping:
R - a wand of frost {zapped: 7}
Press: ? - help, Shift-Dir - straight line, f/p - deep elf mage
Aim: a deep elf mage, wielding a dagger and wearing a chain mail (severely wounded)
The puff of frost hits the deep elf mage.
The deep elf mage is almost dead.
The deep elf mage points at you and mumbles some strange words.
The fireball explodes!
The fireball engulfs you!
You die...

#####
##...######
#..∩..##..##
#.....#..).#
##...##....#
.######'##@.##
##...###..e###
#.....#.....#
#.....#..∩..#
#.....#.....#
#....#....##
#)#####
#....#....#
#..... e....#


You could see a deep elf mage.

Vanquished Creatures
  A deep elf priest (Bailey)
  A deep elf mage (Bailey)
  Grum (D:7)
  2 wolves
  2 deep elf fighters (Bailey)
  An orc warrior (D:7)
  2 ice beasts
  A black bear (D:5)
  2 phantoms
  2 centaurs
  2 sky beasts
  3 ogres
  Sigmund (D:6)
  A giant frog (D:7)
  3 scorpions
  A hippogriff zombie (D:8)
  A hound (D:4)
  2 jellies (D:5)
  2 centaur skeletons (D:7)
  A gnoll shaman (D:7)
  2 orc priests
  5 orc wizards
  2 worker ants
  An ogre skeleton (D:5)
  11 gnolls
  An orc zombie (D:7)
  2 worker ant zombies
  7 adders
  A giant mite (D:7)
  4 worms
  An adder zombie (D:5)
  An iguana skeleton (D:6)
  3 giant geckos
  2 oozes
  15 orcs
  8 bats
  8 giant cockroaches
  12 goblins
  12 hobgoblins
  6 jackals
  3 kobolds
  4 quokkas
  6 giant newts
  A jackal skeleton (D:4)
  2 orc skeletons
  10 rats
  A spectral orc (D:3)
163 creatures vanquished.

Vanquished Creatures (others)
  A jelly (D:5)
1 creature vanquished.

Grand Total: 164 creatures vanquished

Notes
Turn   | Place    | Note
--------------------------------------------------------------
     0 | D:1      | CrazyArbalest, the Halfling Fighter, began the quest for the Orb.
     0 | D:1      | Reached XP level 1. HP: 15/15 MP: 1/1
    98 | D:1      | Reached XP level 2. HP: 19/21 MP: 2/2
   500 | D:1      | Reached XP level 3. HP: 26/26 MP: 3/3
   912 | D:2      | Reached skill level 1 in Dodging
   940 | D:2      | Reached XP level 4. HP: 27/31 MP: 4/4
  1018 | D:2      | Found a blossoming altar of Fedhas.
  1615 | D:3      | Found a shimmering altar of Xom.
  1631 | D:3      | Reached skill level 4 in Shields
  2007 | D:3      | Noticed Psiweapon's ghost (average KoAK)
  2043 | D:2      | Reached XP level 5. HP: 16/36 MP: 2/5
  2269 | D:3      | Found a basalt altar of Yredelemnul.
  2578 | D:3      | Found a basalt altar of Yredelemnul.
  3058 | D:4      | Reached XP level 6. HP: 42/42 MP: 6/6
  3967 | D:5      | Entered Level 5 of the Dungeon
  4012 | D:5      | Found an iron altar of Okawaru.
  4154 | D:4      | Reached skill level 1 in Stealth
  4154 | D:4      | Reached XP level 7. HP: 26/46 MP: 4/7
  4324 | D:5      | Reached skill level 5 in Shields
  4478 | D:5      | Found a stormy altar of Qazlal.
  4700 | D:4      | Reached skill level 5 in Armour
  4814 | D:5      | Noticed a black bear
  5149 | D:5      | Found a glowing silver altar of Zin.
  5334 | D:5      | Killed a black bear
  5334 | D:5      | Reached XP level 8. HP: 44/54 MP: 5/8
  5914 | D:5      | Reached skill level 5 in Short Blades
  6289 | D:6      | Noticed Sigmund
  6289 | D:6      | Noticed Natasha
  7286 | D:6      | Reached skill level 6 in Short Blades
  7452 | D:6      | Reached skill level 5 in Dodging
  7452 | D:6      | Reached skill level 1 in Evocations
  8081 | D:7      | Reached XP level 9. HP: 53/59 MP: 9/11
  8152 | D:7      | Noticed an oklob plant
  8169 | D:7      | Found a blossoming altar of Fedhas.
  8242 | D:6      | Killed Sigmund
  8414 | D:7      | Found a stormy altar of Qazlal.
  8649 | D:7      | Reached skill level 7 in Short Blades
  9446 | D:7      | Found a staircase to the Ecumenical Temple.
  9455 | Temple   | Entered the Ecumenical Temple
  9625 | Temple   | Became a worshipper of Makhleb the Destroyer
  9935 | D:8      | Noticed Grum
  9962 | D:7      | Reached skill level 5 in Fighting
 10218 | D:7      | Killed Grum
 10543 | D:8      | Found a flagged portal.
 10559 | Bailey   | Entered a bailey
 10826 | Bailey   | Noticed a deep elf priest
 10848 | Bailey   | Killed a deep elf priest
 10848 | Bailey   | Reached skill level 8 in Short Blades
 10848 | Bailey   | Reached XP level 10. HP: 28/66 MP: 5/15
 10904 | Bailey   | Killed from afar by a deep elf mage

Action                   |  1- 3 |  4- 6 |  7- 9 | 10-12 || total
-------------------------+-------+-------+-------+-------++-------
Melee: Cutlass           |   119 |   269 |   767 |    36 ||  1191
Evoke: Wand              |       |     4 |    33 |     7 ||    44
  Use: Scroll            |       |       |     8 |       ||     8
       Potion            |       |       |     1 |     7 ||     8
 Stab: Confused          |       |     2 |     9 |       ||    11
       Sleeping          |       |       |     1 |       ||     1
  Eat: Chunk             |       |     9 |    17 |       ||    26
       Beef jerky        |       |       |     3 |       ||     3
       Pizza             |       |       |     1 |       ||     1
